Map: Eternal Empire LE

Players

Nina - Winner!

  • Race: Protoss Protoss
  • League: Grandmaster
  • Spawn Location: 1:00

Future

  • Race: Terran Terran
  • Spawn Location: 7:00

Event: DreamHack SC2 Masters 2020 Fall

VOD

Have the link to the VOD?

Description

Time

  • Played on: Sept. 5, 2020, 6:08 p.m.
  • Length: 6:01

All games in this series

Show
View Real Time Build Order
Export as new Build Order

Nina Protoss - Winner!

Build Orders: Proxy Void Ray 

Get SALT Encoding   

  12  0:00  Probe  
  13  0:12  Probe  
  14  0:17  Pylon  
  14  0:25  Probe (Chrono Boost)  
  15  0:36  Gateway  
  15  0:37  Probe (Chrono Boost)  
  16  0:45  Probe (Chrono Boost)  
  16  0:46  Assimilator  
  17  0:52  Probe  
  17  0:54  Assimilator  
  18  1:04  Probe  
  19  1:16  Probe  
  20  1:23  Cybernetics Core  
  20  1:26  Zealot  
  20  1:28  Probe  
  23  1:34  Pylon  
  23  1:52  Probe  
  24  1:58  Adept (Chrono Boost)  
  24  2:00  Stargate  
  26  2:05  Pylon  
  26  2:07  Pylon  
  26  2:11  Shield Battery  
  26  2:15  Warp Gate  
  25  2:18  Probe  
  26  2:27  Adept  
  28  2:31  Shield Battery, Probe  
  28  2:35  Void Ray (Chrono Boost)  
  33  3:05  Void Ray  
  35  3:24  Shield Battery  
  35  3:26  Shield Battery  
  35  3:44  Void Ray (Chrono Boost)  
  31  3:55  Shield Battery  
  35  4:17  Gateway  
  35  4:18  Void Ray (Chrono Boost)  
  35  4:21  Gateway  
  39  4:35  Pylon  
  39  4:36  Pylon  
  35  4:48  Stalker  
  35  4:51  Shield Battery  
  37  4:54  Shield Battery  
  37  4:55  Phoenix (Chrono Boost)  
  39  5:11  Shield Battery, Stalker  
  39  5:12  Stalker  
  43  5:19  Phoenix  
  45  5:34  Stalker  
  41  5:36  Stalker  
  43  5:43  Stalker  
Show
View Real Time Build Order
Export as new Build Order

Future Terran 

Build Orders: Reaper Expand 

Get SALT Encoding   

  12  0:00  SCV  
  13  0:12  SCV  
  14  0:17  Supply Depot  
  14  0:24  SCV  
  15  0:38  SCV  
  15  0:39  Barracks  
  16  0:43  Refinery  
  16  0:50  SCV  
  17  1:03  SCV  
  18  1:15  SCV  
  19  1:26  Reaper  
  19  1:27  Orbital Command  
  20  1:40  Command Center  
  20  1:48  Supply Depot  
  20  1:53  SCV  
  21  1:58  Marine  
  22  2:04  Factory  
  22  2:08  SCV  
  23  2:10  Refinery  
  23  2:13  Bunker  
  23  2:16  Marine  
  23  2:20  SCV  
  25  2:25  Supply Depot  
  25  2:28  Engineering Bay  
  25  2:32  SCV  
  25  2:34  Marine  
  27  2:44  SCV  
  27  2:48  Factory Tech Lab  
  27  2:51  Starport  
  28  2:55  Missile Turret  
  28  2:56  Marine  
  29  3:07  Cyclone  
  29  3:09  SCV  
  32  3:14  Marine  
  32  3:24  SCV  
  32  3:29  Missile Turret  
  32  3:32  Marine  
  31  3:48  Cyclone, SCV  
  30  3:51  Marine  
  32  4:00  SCV, Supply Depot x2  
  33  4:21  SCV, Marine  
  33  4:23  Cyclone  
  38  4:33  SCV  
  38  4:37  Viking  
  37  4:45  SCV  
  37  4:50  Marine  
  37  4:52  Supply Depot  
  39  4:59  Siege Tank  
  42  5:08  SCV  
  42  5:13  Viking  
  45  5:18  Supply Depot  
  45  5:20  SCV  
  46  5:24  Orbital Command  
  46  5:26  Marine  
  41  5:44  Starport Reactor  

Tags
 
Add a new tag
Caveats
  • Supply blocks, unpowered buildings, or Contaminate may cause inaccurate times.
  • Supply counts are checked every 10 seconds.